 Dungeon Crawl Stone Soup version 0.21-a0-58-g625dad4 (console) character file.

15867 aridlake the Severer (level 12, -3/107 HPs)
             Began as a Minotaur Berserker on June 16, 2017.
             Was a High Priest of Trog.
             Slain by a four-headed hydra (7 damage)
             ... on level 2 of the Lair of Beasts.
             The game lasted 00:36:27 (13720 turns).

aridlake the Severer (Minotaur Berserker)          Turns: 13720, Time: 00:36:30

Health: -3/107     AC: 17    Str: 21 (23) XL:     12   Next: 5%
Magic:  11/11      EV: 10    Int:  3 (4)  God:    Trog [*****.]
Gold:   515        SH:  6    Dex: 11 (14) Spells: 11/11 levels left

rFire    + . .     SeeInvis +   V - +0 flail (crush)
rCold    . . .     Gourm    .   (no shield)
rNeg     . . .     Faith    .   H - +0 plate armour
rPois    .         Spirit   .   (helmet restricted)
rElec    .         Reflect  +   (no cloak)
rCorr    .         Harm     .   B - +2 pair of gloves {archery}
MR       .....                  (no boots)
Stlth    ..........             P - +6 amulet of reflection
HPRegen  0.27/turn              E - ring of protection from fire
MPRegen  0.12/turn              y - ring of see invisible

@: no status effects
A: retaliatory headbutt, horns 2
a: Berserk, Trog's Hand, Brothers in Arms, Burn Spellbooks, Renounce Religion


You were on level 2 of the Lair of Beasts.
You worshipped Trog.
Trog was extremely pleased with you.
You were hungry.

You visited 2 branches of the dungeon, and saw 12 of its levels.

You collected 515 gold pieces.

Inventory:

Hand Weapons
 l - a +3 antimagic executioner's axe
 V - a +0 flail of crushing (weapon)
 W - a +2 antimagic broad axe
Armour
 B - a +2 pair of gloves of archery (worn)
 H - a +0 plate armour (worn)
 T - a +0 pair of gloves
Jewellery
 d - an uncursed ring of flight
 h - an uncursed ring of positive energy
 j - an uncursed amulet of guardian spirit
 s - an uncursed amulet of the gourmand
 u - an uncursed ring of resist corrosion
 y - a ring of see invisible (right hand)
 E - a ring of protection from fire (left hand)
 K - an uncursed amulet of guardian spirit
 P - a +6 amulet of reflection (around neck)
Wands
 a - a wand of disintegration (7/24)
 D - a wand of confusion (24/48)
 O - a wand of random effects (10/48)
 U - a wand of random effects (25/48)
 X - a wand of acid (11/15)
Scrolls
 b - 2 scrolls of enchant weapon
 i - 4 scrolls of recharging
 n - a scroll of acquirement {unknown}
 q - 4 scrolls of amnesia
 w - 8 scrolls of identify
 J - a scroll of enchant armour {unknown}
 L - 2 scrolls of fog {unknown}
 M - 2 scrolls of blinking
 N - 3 scrolls of fear {unknown}
 Q - 2 scrolls of teleportation
 R - 3 scrolls of remove curse
Potions
 e - a potion of cancellation
 f - 3 potions of lignification
 g - 2 potions of haste {unknown}
 m - 5 potions of curing
 o - a potion of brilliance {unknown}
 p - 2 potions of heal wounds {unknown}
 r - 2 potions of agility {unknown}
 t - 3 potions of mutation {unknown}
 v - 4 potions of flight
 A - 2 potions of degeneration
 F - a potion of magic {unknown}
 I - 2 potions of resistance {unknown}
 S - a potion of invisibility {unknown}
Comestibles
 c - 7 bread rations
 k - 12 fruits
 x - 6 chunks of flesh
 z - 9 royal jellies
 C - 2 meat rations


   Skills:
 + Level 10.5 Fighting
 + Level 15.9 Axes
 - Level 10.0 Armour
 + Level 9.2 Dodging


You had 11 spell levels left.
You didn't know any spells.

Dungeon Overview and Level Annotations

Branches:
Dungeon (10/15)            Temple (0/1) D:6            Lair (2/6) D:10
  Swamp: Lair:2-4    Shoals: Lair:2-4     Snake: Lair:2-4    Spider: Lair:2-4
    Orc: D:9-12

Altars:
Cheibriados
Dithmenos
Fedhas
Hepliaklqana
Nemelex Xobeh
Okawaru
Sif Muna
Uskayaw
Wu Jian
Xom
Zin
The Shining One

Shops:
D:4 [   D:8 [   D:10 (}


Innate Abilities, Weirdness & Mutations

You reflexively headbutt those who attack you in melee.
You have a pair of horns on your head.


Message History

You block the four-headed hydra's attack.
The four-headed hydra misses you.
The four-headed hydra bites you but does no damage.
There is a stone staircase leading down here.
You can't go up here!
The four-headed hydra bites you but does no damage.
The four-headed hydra barely misses you.
The four-headed hydra bites you but does no damage. x2
The four-headed hydra bites you but does no damage. x2
The four-headed hydra barely misses you.
The four-headed hydra bites you!
* * * LOW HITPOINT WARNING * * *
It was a potion of degeneration.
There was something very wrong with that liquid.
You feel weakened.
You feel dopey.
You feel clumsy.
The four-headed hydra bites you but does no damage.
The four-headed hydra bites you!
* * * LOW HITPOINT WARNING * * *
The four-headed hydra bites you!
You die...

###...##.# #P.....## #####P...P##
#P##.....## ### ##.........####
## #P### #.............# .##
##...#####............P####
#.#####....##.##........(.....#..
#...##.........D@...(............
#.............P.#................
...............##P......#.....#..
###..........>####....###.P##.##.
#..............# ####.# #.#######
###............# ### ##. #
#P...>........# . #
##..........#P# ..
#..........####


You could see a four-headed hydra.

Vanquished Creatures
  A hydra (Lair:2)
  5 two-headed ogres
  Urug (Lair:2)
  An unseen horror (D:10)
  A black mamba (Lair:1)
  2 spiny frogs (Lair:2)
  2 rime drakes (Lair:2)
  2 komodo dragons
  A queen bee (D:9)
  Grinder (D:4)
  4 blink frogs (Lair:1)
  2 hippogriffs
  4 yaks (Lair:1)
  2 wyverns (D:9)
  A water moccasin (Lair:2)
  3 orc warriors
  5 ice beasts
  A sky beast (D:7)
  2 black bears
  3 phantoms
  3 centaurs
  2 ogres
  A crocodile (Lair:2)
  The ghost of aridlake the Sneak, an amateur SpEn (D:3)
  13 bullfrogs
  3 gnoll sergeants
  2 scorpions (D:8)
  2 water moccasin skeletons
  15 killer bees
  8 wights
  3 howler monkeys
  4 crimson imps
  A bullfrog zombie (D:7)
  2 jellies
  A quasit (D:7)
  11 hounds
  2 orc priests
  11 orc wizards
  2 gnoll shamans (D:9)
  2 bullfrog skeletons (D:5)
  2 centaur skeletons
  3 iguanas
  4 worker ants
  A hound zombie (D:5)
  A hound skeleton (D:4)
  A worker ant zombie (D:9)
  Robin (D:3)
  34 gnolls
  11 adders
  4 shadow imps
  3 oozes
  An adder skeleton (D:9)
  4 dart slugs
  2 worms
  4 leopard geckos
  38 orcs
  11 bats
  2 giant cockroaches
  12 goblins
  7 hobgoblins
  15 jackals
  5 quokkas
  3 ball pythons
  A ball python skeleton (D:5)
  7 frilled lizards
  9 kobolds
  2 leopard gecko skeletons
  A quokka skeleton (D:9)
  A quokka zombie (D:7)
  5 rats
328 creatures vanquished.

Vanquished Creatures (collateral kills)
  A two-headed ogre (D:8)
1 creature vanquished.

Vanquished Creatures (others)
  A fungus (Lair:2)
1 creature vanquished.

Grand Total: 330 creatures vanquished

Notes
Turn   | Place    | Note
-------+----------+-------------------------------------------
     0 | D:1      | aridlake the Minotaur Berserker began the quest for the Orb.
     0 | D:1      | Reached XP level 1. HP: 19/19 MP: 0/0
   139 | D:1      | Reached skill level 4 in Axes
   164 | D:1      | Reached XP level 2. HP: 17/26 MP: 1/1
   819 | D:1      | Reached skill level 5 in Axes
   867 | D:1      | Reached XP level 3. HP: 26/31 MP: 2/2
  1100 | D:2      | Reached ** piety under Trog
  1297 | D:2      | Reached skill level 6 in Axes
  1297 | D:2      | Reached XP level 4. HP: 39/39 MP: 3/3
  1690 | D:2      | Found a blossoming altar of Fedhas.
  1900 | D:3      | Noticed aridlake's ghost (amateur SpEn)
  1944 | D:3      | Killed aridlake's ghost
  1944 | D:3      | Reached skill level 7 in Axes
  1944 | D:3      | Reached XP level 5. HP: 35/45 MP: 4/4
  2503 | D:3      | Found a deep blue altar of Sif Muna.
  2672 | D:4      | Noticed Robin
  2677 | D:3      | Killed Robin
  2677 | D:3      | Reached *** piety under Trog
  2726 | D:4      | Reached skill level 8 in Axes
  2805 | D:4      | Noticed an orc warrior
  2824 | D:4      | Killed an orc warrior
  2824 | D:4      | Reached XP level 6. HP: 16/51 MP: 5/5
  3094 | D:4      | Noticed Grinder
  3106 | D:4      | Killed Grinder
  3106 | D:4      | Reached skill level 9 in Axes
  3106 | D:4      | Reached XP level 7. HP: 57/57 MP: 6/6
  3361 | D:4      | Reached skill level 10 in Axes
  3416 | D:4      | Found Zid Xaru's Armour Emporium.
  3797 | D:4      | Reached skill level 11 in Axes
  4004 | D:5      | Entered Level 5 of the Dungeon
  4045 | D:5      | Reached **** piety under Trog
  4142 | D:5      | Reached XP level 8. HP: 32/64 MP: 7/7
  4438 | D:4      | Reached skill level 12 in Axes
  4898 | D:5      | Found a shadowy altar of Dithmenos.
  4899 | D:5      | Found a sparkling altar of Nemelex Xobeh.
  5005 | D:5      | Found a glowing golden altar of the Shining One.
  5005 | D:5      | Found an ornate altar of the Wu Jian Council.
  5010 | D:5      | Found a hide-covered altar of Uskayaw.
  5012 | D:5      | Found a snail-covered altar of Cheibriados.
  5013 | D:5      | Found a hazy altar of Hepliaklqana.
  5224 | D:6      | Found a shimmering altar of Xom.
  5393 | D:6      | Reached skill level 13 in Axes
  5541 | D:6      | Found a staircase to the Ecumenical Temple.
  5628 | D:6      | Found a glowing silver altar of Zin.
  5868 | D:6      | Reached XP level 9. HP: 66/71 MP: 8/8
  6214 | D:7      | Reached skill level 5 in Fighting
  6266 | D:7      | Reached ***** piety under Trog
  6959 | D:7      | Got a faintly humming chain mail
  6972 | D:7      | Reached skill level 5 in Armour
  6976 | D:7      | Identified the +0 chain mail of Ynudghodd {*Corrode +Inv Regen+ Int-5} (You found it on level 7 of the Dungeon)
  7516 | D:8      | Found Weufuoje's Armour Emporium.
  7593 | D:8      | Reached skill level 14 in Axes
  7688 | D:8      | Noticed a two-headed ogre
  7695 | D:8      | Reached skill level 5 in Dodging
  7714 | D:8      | Killed a two-headed ogre
  7714 | D:8      | Reached XP level 10. HP: 74/84 MP: 9/9
  8877 | D:9      | Noticed a two-headed ogre
  8956 | D:8      | Killed a two-headed ogre
  9809 | D:9      | Found an iron altar of Okawaru.
  9834 | D:9      | Received a gift from Trog
 10181 | D:9      | Noticed a two-headed ogre
 10185 | D:9      | Killed a two-headed ogre
 10501 | D:9      | Reached XP level 11. HP: 81/95 MP: 3/10
 10797 | D:9      | Noticed a two-headed ogre
 10807 | D:9      | Killed a two-headed ogre
 10807 | D:9      | Reached skill level 15 in Axes
 11292 | D:10     | Entered Level 10 of the Dungeon
 11292 | D:10     | Noticed a two-headed ogre
 11320 | D:10     | Found a staircase to the Lair.
 11339 | D:10     | Killed a two-headed ogre
 11394 | D:10     | Found Paothyja's Antique Weapon Boutique.
 11469 | D:10     | Found Heda Ont's Gadget Boutique.
 11535 | D:10     | Noticed a two-headed ogre
 11541 | D:10     | Killed a two-headed ogre
 11824 | D:10     | Noticed an unseen horror
 11828 | D:10     | Killed an unseen horror
 11851 | Lair:1   | Entered Level 1 of the Lair of Beasts
 11999 | Lair:1   | Received a gift from Trog
 12259 | Lair:1   | Found a dark tunnel.
 12764 | Lair:2   | Noticed a five-headed hydra
 13057 | Lair:2   | Reached skill level 10 in Fighting
 13057 | Lair:2   | Reached skill level 10 in Armour
 13115 | Lair:2   | Killed a five-headed hydra
 13559 | Lair:2   | Noticed Urug
 13564 | Lair:2   | Killed Urug
 13564 | Lair:2   | Reached XP level 12. HP: 99/107 MP: 3/11
 13578 | Lair:2   | Noticed a four-headed hydra
 13720 | Lair:2   | HP: 4/107 [four-headed hydra (10)]
 13720 | Lair:2   | Slain by a four-headed hydra

Vault maps used:
D:1:      eino_arrival_tree_alley, corexii_leaking_fountain
D:2:      lemuel_coloured_pillars_altar
D:3:      nicolae_overflow_crystal_walls, first_bread, minmay_surrounded
D:4:      serial_shops, shop, hex_tiny, uniq_robin, uniq_grinder
D:5:      chequers_temple_overflow_minitemple, grunt_temple_overflow_open
D:6:      kennysheep_mini, minmay_temple_entry_hall, basic_altar
D:8:      serial_shops, kennysheep_little_box
D:9:      enter_bailey_2, serial_gnoll_camp, gnoll_camp_mini_doghouse,
          gnoll_camp_medium_02, gnoll_camp_huts_moat, gnoll_camp_mini_hut,
          gnoll_camp_mini_loothouse, david_nohive_1, okawaru_metal_pillars_1_2
D:10:     lair_entry_dummy, serial_shops, nicolae_shop_crystal,
          nicolae_shop_window_shopping, nicolae_shop_window_shopping, hex_large,
          st_stairs_8, corexii_hall_statues_x
Lair:1:   enter_volcano_2, grunt_megastairs_2
Lair:2:   uniq_urug

Skill      XL: |  1  2  3  4  5  6  7  8  9 10 11 |
---------------+----------------------------------+-----
Axes           | 4 5 6 7 8 9 11 13 14 15 | 15.9
Fighting       | 4 6 8 10 | 10.5
Armour         | 3 6 8 10 | 10.0
Dodging        | 5 7 9 |  9.2

Action                   |  1- 3 |  4- 6 |  7- 9 | 10-12 || total
-------------------------+-------+-------+-------+-------++-------
Melee: Hand axe          |    85 |   112 |   122 |       ||   319
       Headbutt          |     9 |    15 |    60 |    57 ||   141
       War axe           |       |       |    84 |       ||    84
       Battleaxe         |       |       |   118 |   135 ||   253
       Executioner's axe |       |       |       |   188 ||   188
       Flail             |       |       |       |    12 ||    12
Invok: Berserk           |       |     3 |       |       ||     3
       Burn Spellbooks   |       |       |     1 |     2 ||     3
       Brothers in Arms  |       |       |       |     1 ||     1
 Abil: Evoke Flight      |       |       |       |     1 ||     1
Evoke: Wand              |       |       |       |     1 ||     1
  Use: Scroll            |     2 |     6 |     5 |     5 ||    18
       Potion            |       |       |       |     3 ||     3
  Eat: Chunk             |     1 |     8 |    14 |    14 ||    37
       Fruit             |       |       |     2 |     1 ||     3
       Royal jelly       |       |       |       |     2 ||     2
Armor: Animal skin       |     5 |       |       |       ||     5
       Chain mail        |    31 |    62 |   137 |       ||   230
       Plate armour      |       |       |    16 |   241 ||   257
Dodge: Dodged            |    43 |    53 |    92 |   236 ||   424
Block: Other             |       |       |       |    59 ||    59
       Reflection        |       |       |       |     2 ||     2
